 Dungeon Crawl Stone Soup version 0.28-a0-224-g76b539d98b (webtiles) character file.

Game seed: 15039681634729347026

47954 Lochraine the Cruncher (level 14, -1/108 HPs)
             Began as a Gnoll Wanderer on Aug 20, 2021.
             Was a High Priest of Sif Muna.
             Slain by an orc knight (23 damage)
             ... on level 2 of the Orcish Mines on Aug 21, 2021.
             The game lasted 00:59:38 (23051 turns).

Lochraine the Cruncher (Gnoll Wanderer)            Turns: 23051, Time: 00:59:39

Health: -1/108     AC: 15    Str: 16    XL:     14   Next: 44%
Magic:  18/27      EV: 16    Int: 14    God:    Sif Muna [*****.]
Gold:   1501       SH:  0    Dex: 13    Spells: 3/32 levels left

rFire   . . .      SeeInvis .   F - +9 staff of Olgreb {rPois∞}
rCold   . . .      Faith    .   (no shield)
rNeg    . . .      Spirit   .   e - +0 steam dragon scales
rPois   ∞          Reflect  .   U - +0 helmet
rElec   +          Harm     .   v - +0 cloak
rCorr   .          Rampage  .   B - +0 pair of gloves
Will    +....                   (no boots)
Stlth   ++++......              V - amulet of the Devil {rElec Regen+ Dex+3}
HPRegen 1.28/turn               l - ring of wizardry
MPRegen 0.20/turn               j - +4 ring of protection

@: forested, very slightly contaminated, invisible
A: fangs 1, strong nose, distributed training
a: Renounce Religion, Channel Magic, Forget Spell, Divine Exegesis


You were on level 2 of the Orcish Mines.
You worshipped Sif Muna.
Sif Muna was extremely pleased with you.
You visited 4 branches of the dungeon, and saw 19 of its levels.

You collected 1501 gold pieces.

Inventory:

Hand Weapons
 a - a +2 mace of protection
   (You took it off an orc priest on level 4 of the Dungeon)
 b - a +1 hunting sling
   (You found it on level 1 of the Dungeon)
 g - the +4 arbalest of the Battered Prophets {venom, rPois rF- Str+5}
   (You found it on level 8 of the Dungeon)

   Any ammunition fired from it poisons the flesh of those it strikes.
   Str:       It affects your strength (+5).
   rF:        It makes you vulnerable to fire.
   rPois:     It protects you from poison.
 C - a +2 quarterstaff
 F - the +9 staff of Olgreb (weapon) {rPois∞}
   (You acquired it on level 5 of the Dungeon)

   If the wielder is skilled in Evocations, they can envenom those struck by it,
   dealing poison damage which bypasses armour.
   It enhances your poison magic.
   It grants immunity to poison.
   It can be evoked to radiate toxic energy, with effectiveness depending on
   Evocations skill.
 J - a +0 dagger
 M - the +8 mace "Vull" {flame, rCorr Str+6 Int-5}
   (You found it on level 1 of the Lair of Beasts)

   It burns those it strikes, dealing additional fire damage.
   Str:       It affects your strength (+6).
   Int:       It affects your intelligence (-5).
   rCorr:     It protects you from acid and corrosion.
 Y - the +7 great sword "Murmur" {vorpal, rPois rF+ rN++ Will-}
   (You found it on level 6 of the Lair of Beasts)

   It inflicts extra damage upon your enemies.
   rF:        It protects you from fire.
   rPois:     It protects you from poison.
   rN:        It greatly protects you from negative energy.
   Will:      It decreases your willpower.
Missiles
 i - 438 stones
 m - a throwing net
 n - 24 poisoned darts
 y - 100 sling bullets
Armour
 c - a +0 robe
 e - +0 steam dragon scales (worn)
   (You took it off Maggie on level 8 of the Dungeon)
 h - a +0 scale mail
   (You found it on level 1 of the Dungeon)
 v - a +0 cloak (worn)
   (You found it on level 3 of the Dungeon)
 B - a +0 pair of gloves (worn)
   (You found it on level 4 of the Dungeon)
 U - a +0 helmet (worn)
   (You found it on level 6 of the Lair of Beasts)
Jewellery
 j - a +4 ring of protection (right hand)
   (You found it on level 1 of the Dungeon)
 l - a ring of wizardry (left hand)
   (You found it on level 5 of the Dungeon)
 A - a ring of magical power
   (You found it on level 4 of the Dungeon)
 E - a ring of protection from fire
   (You found it on level 1 of the Lair of Beasts)
 I - a ring of flight
   (You found it on level 5 of the Dungeon)
 P - a ring of protection from fire
   (You found it on level 2 of the Lair of Beasts)
 T - a ring of willpower
   (You found it on level 5 of the Lair of Beasts)
 V - the amulet of the Devil (around neck) {rElec Regen+ Dex+3}
   (You acquired it on level 6 of the Lair of Beasts)

   [amulet of regeneration]

   Dex:       It affects your dexterity (+3).
   rElec:     It insulates you from electricity.
   Regen:     It increases your rate of health regeneration.
Wands
 d - a wand of iceblast (24)
   (You found it on level 6 of the Dungeon)
 t - a wand of flame (22)
   (You took it off Terence on level 2 of the Dungeon)
 u - a wand of paralysis (16)
   (You found it on level 5 of the Lair of Beasts)
 x - a wand of acid (5)
   (You found it on level 6 of the Lair of Beasts)
 L - a wand of charming (10)
   (You found it on level 5 of the Lair of Beasts)
 N - a wand of polymorph (16)
   (You found it on level 1 of the Lair of Beasts)
Scrolls
 o - 3 scrolls of enchant weapon
 p - 5 scrolls of amnesia
 D - 4 scrolls of magic mapping
 G - 5 scrolls of identify {@r1}
 O - 3 scrolls of immolation {!r}
 Q - 5 scrolls of teleportation {@r4}
Potions
 f - 7 potions of lignification {!q}
 k - 2 potions of magic
 s - a potion of cancellation {unknown}
 w - 7 potions of curing {@q1}
 z - 2 potions of brilliance
 H - 2 potions of berserk rage {unknown}
 K - a potion of flight {unknown}
 R - a potion of haste {@q3}
 S - 5 potions of degeneration {unknown}
 W - a potion of attraction {!q}
 X - 2 potions of might {unknown}


   Skills:
 + Level 9.6 Fighting
 + Level 9.2 Short Blades
 + Level 9.2 Long Blades
 + Level 9.2 Axes
 + Level 9.2 Maces & Flails
 + Level 9.2 Polearms
 + Level 10.2 Staves
 + Level 9.2 Slings
 + Level 9.2 Bows
 + Level 9.2 Crossbows
 + Level 9.2 Throwing
 + Level 9.2 Armour
 + Level 9.6 Dodging
 + Level 10.1 Stealth
 + Level 9.2 Shields
 + Level 9.2 Unarmed Combat
 + Level 9.6 Spellcasting
 + Level 7.7 Conjurations
 + Level 8.0 Hexes
 + Level 7.7 Summonings
 + Level 7.7 Necromancy
 + Level 7.7 Translocations
 + Level 7.7 Transmutations
 + Level 7.7 Fire Magic
 + Level 7.7 Ice Magic
 + Level 8.0 Air Magic
 + Level 7.7 Earth Magic
 + Level 7.7 Poison Magic
 + Level 10.0 Invocations
 + Level 9.6 Evocations


You had 3 spell levels left.
You knew the following spells:

 Your Spells              Type           Power      Damage    Failure   Level
a - Ignite Poison         Fire/Tmut/Pois 42%        N/A       1%          3
b - Frozen Ramparts       Ice            56%        1d7       1%          3
c - Dispel Undead         Necr           28%        3d13      1%          4
d - Mephitic Cloud        Conj/Pois/Air  43%        N/A       1%          3
e - Apportation           Tloc           56%        N/A       1%          1
f - Bolt of Magma         Conj/Fire/Erth 14%        4d8       5%          5
g - Summon Forest         Summ/Tloc      14%        N/A       5%          5
h - Irradiate             Conj/Tmut      14%        3d18      5%          5

Your spell library contained the following spells:

 Spells                   Type           Power      Damage    Failure   Level
 Animate Skeleton         Necr           56%        N/A       1%          1
 Beastly Appendage        Tmut           56%        N/A       1%          1
 Corona                   Hex            32%        N/A       1%          1
 Summon Small Mammal      Summ           100%       N/A       1%          1
 Corpse Rot               Necr/Air       N/A        N/A       1%          2
 Slow                     Hex            29%        N/A       1%          2
 Wereblood                Tmut           28%        N/A       1%          2
 Confusing Touch          Hex            29%        N/A       1%          3
 Conjure Flame            Conj/Fire      28%        6-21      1%          3
 Dazzling Flash           Conj/Hex       56%        N/A       1%          3
 Spider Form              Tmut/Pois      21%        N/A       1%          3
 Stone Arrow              Conj/Erth      56%        3d10      1%          3
 Vampiric Draining        Necr           14%        2d8       1%          3
 Ice Form                 Ice/Tmut       28%        N/A       1%          4
 Iskenderun's Mystic Bla  Conj/Tloc      28%        2d7       1%          4
 Passage of Golubria      Tloc           N/A        N/A       1%          4
 Sticky Flame             Conj/Fire      28%        2d5       1%          4
 Summon Ice Beast         Ice/Summ       28%        N/A       1%          4
 Yara's Violent Unravell  Hex/Tmut       14%        3d7       4%          5
 Manifold Assault         Tloc           28%        N/A       5%          5
 Death Channel            Necr           14%        N/A       26%         6
 Starburst                Conj/Fire      14%        6d6       26%         6
 Storm Form               Tmut/Air       14%        N/A       78%         7
 Haunt                    Necr/Summ      14%        N/A       80%         7
 Borgnjor's Revivificati  Necr           14%        N/A       100%        8


Dungeon Overview and Level Annotations

Branches:
Dungeon (10/15)            Temple (1/1) D:4            Lair (6/6) D:8
 Shoals (0/4) Lair:2        Snake (0/4) Lair:2        Slime (0/5) Lair:5
    Orc (2/2) D:10
    Elf: Orc:2

Altars:
Ashenzari
Cheibriados
Dithmenos
Elyvilon
Fedhas
Gozag
Hepliaklqana
Kikubaaqudgha
Makhleb
Nemelex Xobeh
Okawaru
Qazlal
Ru
Sif Muna
Trog
Uskayaw
Vehumet
Wu Jian
Xom
Yredelemnul
Zin
The Shining One

Shops:
D:3 *   D:6 (   Orc:2 =

Annotations:
D:2 Robin
D:8 Psyche
Lair:2 1 runed translucent door, qborf's ghost, novice FeEn


Innate Abilities, Weirdness & Mutations

You have very sharp teeth.
Your uncanny sense of smell can sniff out nearby items.
Your experience applies equally to all skills.


Message History

The orc warrior shouts!
There is a stone staircase leading up here.
You miscast Summon Forest.
You are very lightly contaminated with residual magic.
You are caught in a field of spatial distortion.
You are magically locked in place.
The orc knight hits you with a +0 great sword!!!
You hear a shout!
You cannot move.
You cannot move.
Okay, then.
Okay, then.
Here: an orc knight, wielding a +0 great sword and wearing a +0 plate armour (strong)
The floor.
Unknown command.
Okay, then.
Unknown command.
Unknown command.
A forested plane collides here with a resounding crunch!
Your dryad calls out to the forest.
The forest starts to sway and rumble!
The orc knight hits you with a +0 great sword!!
* * * LOW HITPOINT WARNING * * *
Okay, then.
You fade into invisibility!
The trees move their gnarly branches around.
A tree reaches out and hits the sixfirhy!
A root lunges up near the orc knight.
A tree reaches out and hits the orc warlord!
The sixfirhy misses you. The sixfirhy barely misses you.
The sixfirhy misses you.
The orc knight hits you with a +0 great sword!!
* * * LOW HITPOINT WARNING * * *
The orc sorcerer mumbles some strange words.
The orc wizard gestures at you while chanting.
The magic dart hits the sixfirhy.
You feel much better.
You are no longer locked in place.
Tree limbs sway around you.
A root smacks the orc warlord from below!
The sixfirhy is hit by a branch!
The orc warlord splashes around in the water.
The orc knight splashes around in the water.
The orc sorcerer gestures wildly while chanting.
Send 'em back where they came from!
Your dryad shudders.
The sixfirhy is hit by a branch.
A tree reaches out and hits the orc knight.
The orc knight hits you with a +0 great sword!!
You die...

#......)..^......♣.#..........#
#.......#.[∩........†o...♣....#.
##........[.........[.)......♣#
#.......#..[...........♣..)..#
##...............≈≈$...)#....#..
##............≈oo3≈.......)....
#.......#....≈≈≈≈≈....).......
#.......#...o3o≈≈≈.........#..
##.#...#.....@♣...............
###...##....R...≈.......)....
##............♣........♣...
##...................♣#...
##.................... ...
#.......#.#♣.♣...
##♣..##..........
#♣.♣............ ##.............


You could see 2 orc knights, 2 sixfirhies, an orc sorcerer (strong), an orc
warrior (strong), an orc wizard (strong) and a friendly dryad (summoned).

Vanquished Creatures
  Kirke (Lair:4)
  6 hydras
  A two-headed ogre (D:9)
  2 orc high priests (Orc:2)
  Urug (D:10)
  Pikel (D:8)
  3 orc sorcerers
  A cyclops (Orc:1)
  5 black mambas
  2 torpor snails (Lair:6)
  14 cane toads
  A rime drake (Lair:6)
  20 komodo dragons
  Maggie (D:8)
  8 polar bears
  3 tyrant leeches (Lair:6)
  A slime creature (Lair:4)
  28 blink frogs
  A snapping turtle (Lair:2)
  15 dream sheep
  5 wyverns
  A shadow (D:10)
  Sigmund (D:4)
  7 hogs (Lair:4)
  28 yaks
  2 basilisks (Lair:3)
  Menkaure (D:5)
  6 wargs
  5 vampire mosquitoes
  20 water moccasins
  2 necrophages
  10 orc warriors
  A black bear (Lair:2)
  2 ice beasts (D:6)
  A wolf (Lair:2)
  4 ogres
  A lemure (D:8)
  2 centaurs
  A kobold brigand (D:6)
  A wyvern zombie (D:7)
  17 bullfrogs
  3 scorpions
  A water moccasin zombie (D:6)
  6 wights
  4 killer bees (D:6)
  8 electric eels
  3 centaur zombies
  2 bullfrog zombies
  6 jellies
  3 centaur skeletons (D:7)
  8 orc priests
  A bullfrog skeleton (D:5)
  13 orc wizards
  2 iguanas
  6 hell rats (Lair:6)
  Terence (D:2)
  2 howler monkey zombies (D:9)
  9 adders
  3 gnolls (D:5)
  2 white imps
  3 ufetubi
  An adder skeleton (D:4)
  6 worms
  4 dart slugs
  40 orcs
  4 bats
  5 endoplasms
  A giant cockroach (D:4)
  20 goblins
  8 hobgoblins
  2 quokkas
  7 ball pythons
  8 kobolds
  7 rats
432 creatures vanquished.

Vanquished Creatures (collateral kills)
  A cane toad (Lair:6)
  A dream sheep (Lair:6)
  4 yaks (Lair:6)
  An electric eel (Lair:6)
  4 hell rats (Lair:6)
  An orc (Orc:2)
12 creatures vanquished.

Vanquished Creatures (others)
  A rime drake (Lair:6)
  An orc wizard (D:4)
  32 fungi
  160 plants
194 creatures vanquished.

Grand Total: 638 creatures vanquished

Notes
Turn   | Place    | Note
-------+----------+-------------------------------------------
     0 | D:1      | Lochraine the Gnoll Wanderer began the quest for the Orb.
     0 | D:1      | Lochraine set off with the following items: a +2
                  | quarterstaff, 2 potions of lignification {!q}, a +0 robe, a
                  | +0 dagger
     0 | D:1      | Reached XP level 1. HP: 17/17 MP: 4/4
   181 | D:1      | Reached XP level 2. HP: 23/23 MP: 5/5
  1301 | D:2      | Reached XP level 3. HP: 20/28 MP: 7/7
  1404 | D:2      | Noticed Terence
  1418 | D:2      | Killed Terence
  1419 | D:2      | Reached skill level 1 in Short Blades
  1419 | D:2      | Reached skill level 1 in Long Blades
  1419 | D:2      | Reached skill level 1 in Axes
  1419 | D:2      | Reached skill level 1 in Maces & Flails
  1419 | D:2      | Reached skill level 1 in Polearms
  1419 | D:2      | Reached skill level 1 in Slings
  1419 | D:2      | Reached skill level 1 in Bows
  1419 | D:2      | Reached skill level 1 in Crossbows
  1419 | D:2      | Reached skill level 1 in Throwing
  1419 | D:2      | Reached skill level 1 in Armour
  1419 | D:2      | Reached skill level 1 in Shields
  1419 | D:2      | Reached skill level 1 in Unarmed Combat
  1419 | D:2      | Reached skill level 1 in Invocations
  1676 | D:2      | Reached XP level 4. HP: 34/34 MP: 8/8
  2211 | D:2      | Noticed Robin
  2601 | D:2      | Reached skill level 1 in Conjurations
  2601 | D:2      | Reached skill level 1 in Summonings
  2601 | D:2      | Reached skill level 1 in Necromancy
  2601 | D:2      | Reached skill level 1 in Translocations
  2601 | D:2      | Reached skill level 1 in Transmutations
  2601 | D:2      | Reached skill level 1 in Fire Magic
  2601 | D:2      | Reached skill level 1 in Ice Magic
  2601 | D:2      | Reached skill level 1 in Earth Magic
  2601 | D:2      | Reached skill level 1 in Poison Magic
  3100 | D:3      | Found Cucogga's General Store.
  3184 | D:3      | Reached XP level 5. HP: 40/40 MP: 9/9
  3604 | D:3      | Noticed a necrophage
  3632 | D:3      | Killed a necrophage
  3639 | D:3      | Reached XP level 6. HP: 22/47 MP: 3/10
  4395 | D:4      | Reached skill level 5 in Staves
  4695 | D:4      | Noticed Sigmund
  5079 | D:4      | Reached XP level 7. HP: 41/52 MP: 12/12
  5595 | D:5      | Entered Level 5 of the Dungeon
  5775 | D:4      | Killed Sigmund
  5776 | D:4      | Reached skill level 5 in Stealth
  5903 | D:4      | Found a staircase to the Ecumenical Temple.
  5958 | Temple   | Entered the Ecumenical Temple
  6025 | Temple   | Became a worshipper of Sif Muna the Loreminder
  6238 | D:5      | Identified 2 scrolls of acquirement
  6238 | D:5      | Acquired the +9 staff of Olgreb {rPois∞}
  6238 | D:5      | Found the +9 staff of Olgreb {rPois∞}
  6450 | D:5      | Reached XP level 8. HP: 58/60 MP: 14/14
  6451 | D:5      | Acquired a Trismegistus Codex
  6457 | D:5      | Learned a level 3 spell: Ignite Poison
  6905 | D:5      | Noticed Menkaure
  7159 | D:5      | Killed Menkaure
  7439 | D:5      | Reached * piety under Sif Muna
  7831 | D:6      | Found Daerair's Weapon Emporium.
  7995 | D:6      | Reached XP level 9. HP: 60/66 MP: 16/16
  8165 | D:6      | Found an iron altar of Okawaru.
  8165 | D:6      | Found a glowing silver altar of Zin.
  8480 | D:6      | Reached skill level 5 in Spellcasting
  8945 | D:7      | Reached skill level 5 in Fighting
  8945 | D:7      | Reached skill level 5 in Dodging
  8945 | D:7      | Reached skill level 5 in Evocations
  9616 | D:7      | Noticed a white ugly thing
  9625 | D:7      | Reached ** piety under Sif Muna
  9627 | D:7      | Reached skill level 5 in Invocations
  9652 | D:7      | HP: 1/68 [white ugly thing (21)]
 10040 | D:8      | Found a staircase to the Lair.
 10053 | D:8      | Noticed Maggie
 10066 | D:8      | Reached XP level 10. HP: 48/74 MP: 7/18
 10071 | D:8      | Killed Maggie
 10089 | D:8      | Learned a level 3 spell: Mephitic Cloud
 10295 | D:8      | Learned a level 3 spell: Frozen Ramparts
 10445 | D:8      | Reached skill level 5 in Short Blades
 10445 | D:8      | Reached skill level 5 in Long Blades
 10445 | D:8      | Reached skill level 5 in Axes
 10445 | D:8      | Reached skill level 5 in Maces & Flails
 10445 | D:8      | Reached skill level 5 in Polearms
 10445 | D:8      | Reached skill level 5 in Slings
 10445 | D:8      | Reached skill level 5 in Bows
 10445 | D:8      | Reached skill level 5 in Crossbows
 10445 | D:8      | Reached skill level 5 in Throwing
 10445 | D:8      | Reached skill level 5 in Armour
 10445 | D:8      | Reached skill level 5 in Shields
 10445 | D:8      | Reached skill level 5 in Unarmed Combat
 10451 | D:8      | Identified the +4 arbalest of the Battered Prophets {venom,
                  | rPois rF- Str+5}
 10748 | D:8      | Noticed Psyche
 10843 | Lair:1   | Entered Level 1 of the Lair of Beasts
 11231 | Lair:1   | Noticed a cane toad
 11244 | Lair:1   | Killed a cane toad
 11552 | Lair:1   | Identified the +8 mace "Vull" {flame, rCorr Str+6 Int-5}
 11588 | Lair:1   | Reached skill level 5 in Hexes
 11588 | Lair:1   | Reached skill level 5 in Air Magic
 11611 | Lair:1   | Noticed a cane toad
 11618 | Lair:1   | Killed a cane toad
 12027 | Lair:2   | Noticed a black mamba
 12037 | Lair:2   | Killed a black mamba
 12096 | Lair:2   | Upgraded the game from 0.28-a0-206-gc2c9e32840 to
                  | 0.28-a0-224-g76b539d98b
 12285 | Lair:2   | Reached XP level 11. HP: 70/83 MP: 19/20
 12453 | Lair:2   | Noticed a five-headed hydra
 12522 | Lair:2   | Reached skill level 5 in Conjurations
 12522 | Lair:2   | Reached skill level 5 in Summonings
 12522 | Lair:2   | Reached skill level 5 in Necromancy
 12522 | Lair:2   | Reached skill level 5 in Translocations
 12522 | Lair:2   | Reached skill level 5 in Transmutations
 12522 | Lair:2   | Reached skill level 5 in Fire Magic
 12522 | Lair:2   | Reached skill level 5 in Ice Magic
 12522 | Lair:2   | Reached skill level 5 in Earth Magic
 12522 | Lair:2   | Reached skill level 5 in Poison Magic
 12756 | Lair:2   | Killed a five-headed hydra
 13042 | Lair:2   | Found a runed translucent door.
 13046 | Lair:2   | Noticed qborf's ghost (novice FeEn)
 13067 | Lair:2   | Found a staircase to the Snake Pit.
 13248 | Lair:2   | Learned a level 4 spell: Dispel Undead
 13737 | Lair:2   | Found a staircase to the Shoals.
 14245 | Lair:3   | Reached *** piety under Sif Muna
 15033 | Lair:4   | Learned a level 1 spell: Apportation
 15120 | Lair:4   | Reached XP level 12. HP: 91/91 MP: 23/23
 15233 | Lair:4   | Noticed Kirke
 15248 | Lair:4   | Noticed a sphinx
 15250 | Lair:4   | Killed Kirke
 15438 | Lair:4   | Noticed an eight-headed hydra
 15763 | Lair:4   | Learned a level 5 spell: Bolt of Magma
 16104 | Lair:5   | Found a staircase to the Slime Pits.
 17046 | Lair:5   | Reached **** piety under Sif Muna
 17244 | Lair:5   | Noticed a five-headed hydra
 17250 | Lair:5   | Killed a five-headed hydra
 17681 | Lair:6   | Entered Level 6 of the Lair of Beasts
 17854 | Lair:6   | Reached XP level 13. HP: 82/98 MP: 12/25
 19209 | Lair:6   | Reached ***** piety under Sif Muna
 19230 | Lair:6   | Received a gift from Sif Muna
 19231 | Lair:6   | Got Sif Muna's Guide on Moulding and Dislocation {god gift}
 19241 | Lair:6   | Learned a level 5 spell: Summon Forest
 19748 | Lair:6   | Acquired the amulet of the Devil {rElec Regen+ Dex+3}
 20053 | Lair:6   | Reached XP level 14. HP: 97/108 MP: 1/27
 20067 | Lair:6   | Reached skill level 10 in Staves
 20193 | Lair:6   | Learned a level 5 spell: Irradiate
 20568 | Lair:6   | Identified the +7 great sword "Murmur" {vorpal, rPois rF+
                  | rN++ Will-}
 21124 | D:8      | Found a snail-covered altar of Cheibriados.
 21237 | D:8      | Noticed Pikel
 21242 | D:8      | Killed Pikel
 21349 | D:9      | Found an ancient bone altar of Kikubaaqudgha.
 21608 | D:9      | Found a basalt altar of Yredelemnul.
 21630 | D:9      | Found a glowing golden altar of the Shining One.
 22210 | D:10     | Entered Level 10 of the Dungeon
 22249 | D:10     | Reached skill level 10 in Stealth
 22253 | D:10     | Noticed Urug
 22270 | D:10     | Killed Urug
 22460 | D:10     | Found a staircase to the Orcish Mines.
 22490 | Orc:1    | Entered Level 1 of the Orcish Mines
 22504 | Orc:1    | Received a gift from Sif Muna
 22509 | Orc:1    | Got Heyneedaeso's Guide on Lethal Stones {god gift}
 22760 | Orc:2    | Entered Level 2 of the Orcish Mines
 22760 | Orc:2    | Found Pashablo's Jewellery Emporium.
 22807 | Orc:2    | Reached skill level 10 in Invocations
 22894 | Orc:2    | Noticed an orc warlord
 23049 | Orc:2    | HP: 1/108 [orc knight (33)]
 23051 | Orc:2    | Slain by an orc knight

Illustrated notes

Levels and vault maps discovered:
D:1:      lightli_arrival_flooded_house, layout_basic, serial_curves,
          eino_curves_01, eino_curves_04, eino_curves_02, eino_curves_03
D:2:      layout_basic, item_on_display_a, uniq_terence, uniq_robin
D:3:      layout_basic, serial_shops, shop
D:4:      layout_loops_cross, minmay_temple_entry_waves, roderic_lattice_a,
          hangedman_minor_gate_pass, uniq_sigmund
D:5:      layout_loops_ring, uniq_menkaure
D:6:      layout_gridville, chequers_temple_overflow_statue_of_worship,
          serial_shops, nicolae_shop_temple_entry_statues_fountains,
          serial_glass, glass_columns_a, glass_columns_a, moated_statue,
          serial_bayou_lake_a
D:7:      kennysheep_big_flooded_room, layout_rooms, st_stairs_7,
          minmay_circle_x
D:8:      layout_gridville, mainiacjoe_overflow_surrounded_room,
          erik_lair_orcish_takeover, kennysheep_dice, uniq_psyche, uniq_maggie,
          uniq_pikel
D:9:      layout_basic, nicolae_kikubaaqudgha_miasma_corner,
          lemuel_zombie_altar_yredelemnul, mainiacjoe_overflow_paths
D:10:     layout_cave_pods, david_orc_2, serial_glass, glass_columns_b,
          glass_columns_a, minmay_microvault, uniq_urug
Temple:   nicolae_temple_x_marks_the_god
Lair:1:   layout_chaotic_city, dpeg_stationary_puzzle
Lair:2:   layout_chaotic_city, minmay_shoals_entry_hut,
          minmay_snake_entry_six_corridors, ebering_ghost_inner_flame,
          serial_bayou_lagoon_a, beast_lair_carwin_8
Lair:3:   layout_regular_city
Lair:4:   layout_cave_pods, cheibrodos_lair_lostbears,
          infiniplex_staircase_pool, uniq_kirke
Lair:5:   layout_regular_city, minmay_slime_entry_pillars, grunt_megastairs_5
Lair:6:   minmay_lair_end_frog_pond, layout_cave_pods, serial_bayou_pond_a, pond
Orc:1:    layout_caves
Orc:2:    grunt_orc_cross, layout_caves, minmay_shop_enchanted_jewellery

Skill      XL: |  1  2  3  4  5  6  7  8  9 10 11 12 13 14 |
---------------+-------------------------------------------+-----
Hexes          | 2 3 4 5 6 7 8 |  8.0
Air Magic      | 2 3 4 5 6 7 8 |  8.0
Short Blades   | 1 2 3 4 5 6 7 8 9 |  9.2
Long Blades    | 1 2 3 4 5 6 7 8 9 |  9.2
Axes           | 1 2 3 4 5 6 7 8 9 |  9.2
Maces & Flails | 1 2 3 4 5 6 7 8 9 |  9.2
Polearms       | 1 2 3 4 5 6 7 8 9 |  9.2
Slings         | 1 2 3 4 5 6 7 8 9 |  9.2
Bows           | 1 2 3 4 5 6 7 8 9 |  9.2
Crossbows      | 1 2 3 4 5 6 7 8 9 |  9.2
Throwing       | 1 2 3 4 5 6 7 8 9 |  9.2
Armour         | 1 2 3 4 5 6 7 8 9 |  9.2
Shields        | 1 2 3 4 5 6 7 8 9 |  9.2
Unarmed Combat | 1 2 3 4 5 6 7 8 9 |  9.2
Invocations    | 1 2 3 4 5 6 7 8 9 10 | 10.0
Spellcasting   | 3 4 5 6 7 8 9 |  9.6
Conjurations   | 1 2 3 4 5 6 7 |  7.7
Summonings     | 1 2 3 4 5 6 7 |  7.7
Necromancy     | 1 2 3 4 5 6 7 |  7.7
Translocations | 1 2 3 4 5 6 7 |  7.7
Transmutations | 1 2 3 4 5 6 7 |  7.7
Fire Magic     | 1 2 3 4 5 6 7 |  7.7
Ice Magic      | 1 2 3 4 5 6 7 |  7.7
Earth Magic    | 1 2 3 4 5 6 7 |  7.7
Poison Magic   | 1 2 3 4 5 6 7 |  7.7
Fighting       | 3 4 5 6 7 8 9 |  9.6
Dodging        | 3 4 5 6 7 8 9 |  9.6
Evocations     | 3 4 5 6 7 8 9 |  9.6
Staves         | 5 6 7 8 9 10 | 10.2
Stealth        | 5 6 7 8 9 10 | 10.1

Action                   |  1- 3 |  4- 6 |  7- 9 | 10-12 | 13-15 || total
-------------------------+-------+-------+-------+-------+-------++-------
Melee: Quarterstaff      |    76 |   110 |     8 |       |       ||   194
       Bite              |     9 |     5 |    26 |    18 |    22 ||    80
       Hunting sling     |       |     1 |       |       |       ||     1
       Staff             |       |       |   218 |   323 |   279 ||   820
       Mace              |       |       |    16 |       |       ||    16
       Punch             |       |       |     2 |     8 |     8 ||    18
 Fire: Hunting sling     |       |   126 |    55 |       |       ||   181
Throw: Dart              |     7 |     8 |     4 |       |       ||    19
       Stone             |       |       |     2 |       |       ||     2
 Cast: Ignite Poison     |       |       |       |    37 |    20 ||    57
       Frozen Ramparts   |       |       |       |     7 |     6 ||    13
       Bolt of Magma     |       |       |       |     5 |    22 ||    27
       Summon Forest     |       |       |       |       |     9 ||     9
       Irradiate         |       |       |       |       |     9 ||     9
Evoke: Wand              |       |     2 |     1 |       |     2 ||     5
       Staff of Olgreb   |       |       |    39 |    62 |    34 ||   135
  Use: Scroll            |       |       |    19 |     4 |     2 ||    25
       Potion            |       |       |     3 |     2 |     4 ||     9
 Stab: Sleeping          |     1 |       |       |     5 |     5 ||    11
       Invisible         |       |       |       |       |     3 ||     3
       Distracted        |       |       |       |       |     2 ||     2
Armor: Robe              |     1 |       |       |       |       ||     1
       Scale mail        |    26 |    90 |   141 |       |       ||   257
       Steam dragon scal |       |       |       |    78 |    73 ||   151
Dodge: Dodged            |    32 |    71 |   145 |   195 |   210 ||   653

Table legend: (Time is in decaauts)
 A = Elapsed time spent in this place.
 B = Non-inter-level travel time spent in this place.
 C = Inter-level travel time spent in this place.
 D = Time resting spent in this place.
 E = Time spent auto-exploring this place.
 F = Levels seen in this place.
 G = Mean time per level.
                   A        B        C        D        E       F      G
               +--------+--------+--------+--------+--------+-----+--------+
         Total |  22945 |  22468 |    477 |   2621 |  16149 |  19 | 1207.6 |
       Dungeon |  12355 |  12099 |    256 |    863 |   9276 |  10 | 1235.5 |
        Temple |     79 |     79 |      0 |      0 |     50 |   1 |   79.0 |
          Lair |   9961 |   9755 |    206 |   1642 |   6544 |   6 | 1660.2 |
  Orcish Mines |    548 |    535 |     13 |    116 |    279 |   2 |  274.0 |
               +--------+--------+--------+--------+--------+-----+--------+

Top non-repeatable levels by time:
  Lair:6: 2531 daAuts
  Lair:2: 2055 daAuts
  Lair:5: 2033 daAuts
     D:6: 1719 daAuts
     D:2: 1672 daAuts
     D:4: 1559 daAuts
     D:3: 1390 daAuts
     D:1: 1379 daAuts
     D:5: 1270 daAuts
     D:8: 1224 daAuts
  Lair:4: 1172 daAuts
  Lair:1: 1093 daAuts
  Lair:3: 1075 daAuts
     D:7: 977 daAuts
     D:9: 886 daAuts
